 Dungeon Crawl Stone Soup version 0.29-a0-323-g050149af67 (webtiles) character file.

Game seed: 11739440966986153360

35 Hubjo the Firebug (level 3, 0/20 HPs)
             Began as a Deep Elf Fire Elementalist on Apr 11, 2022.
             Was a Follower of Zin.
             Slain by an orc
             ... wielding a +0 dagger
              (3 damage)
             ... on level 2 of the Dungeon.
             The game lasted 00:05:50 (3464 turns).

Hubjo the Firebug (Deep Elf Fire Elementalist)      Turns: 3464, Time: 00:05:51

Health: 0/20       AC:  2    Str:  5    XL:     3   Next: 17%
Magic:  2/9        EV: 13    Int: 19    God:    Zin [*.....]
Gold:   38         SH:  0    Dex: 17    Spells: 7/8 levels left

rFire   . . .      SeeInvis .   l - +0 short sword
rCold   . . .      Faith    .   (no shield)
rNeg    . . .      Spirit   .   a - +0 robe
rPois   .          Reflect  .   (no helmet)
rElec   .          Harm     .   (no cloak)
rCorr   .          Rampage  .   (no gloves)
Will    .....                   (no boots)
Stlth   ++........              (no amulet)
HPRegen 0.06/turn               (no ring)
MPRegen 0.11/turn               (no ring)

@: no status effects
A: no striking features
a: Renounce Religion, Recite, Donate Gold


You were on level 2 of the Dungeon.
You worshipped Zin.
Zin was aware of your devotion.
You visited 1 branch of the dungeon, and saw 2 of its levels.

You collected 42 gold pieces.
You donated 4 gold pieces to Zin.

Inventory:

Hand Weapons
 l - a +0 short sword (weapon)
Missiles
 e - a poisoned dart (quivered)
Armour
 a - a +0 robe (worn)
Jewellery
 j - a ring of fire
Scrolls
 d - a scroll of teleportation {unknown}
 g - a scroll of noise {unknown}
 k - a scroll of magic mapping {unknown}
 m - a scroll of fear {unknown}
Potions
 b - a potion of magic
 c - a potion of resistance {unknown}
 f - a potion of mutation {unknown}
 h - a potion of invisibility {unknown}
 i - a potion of heal wounds {unknown}


   Skills:
 * Level 1.1 Fighting
 + Level 2.8 Dodging
 * Level 3.3 Stealth
 + Level 3.2 Spellcasting
 - Level 1.1 Conjurations
 + Level 3.4 Fire Magic


You had 7 spell levels left.
You knew the following spells:

 Your Spells              Type           Power      Damage    Failure   Level
a - Foxfire               Conj/Fire      44%        2x1d6     6%          1

Your spell library contained the following spells:

 Spells                   Type           Power      Damage    Failure   Level
 Scorch                   Fire           32%        2d6       5%          2
 Conjure Flame            Conj/Fire      11%        6-21      17%         3
 Inner Flame              Hex/Fire       9%         N/A       22%         3
 Flame Wave               Conj/Fire      11%        2d5       50%         4
 Cause Fear               Hex            1%         N/A       83%         4
 Discord                  Hex            1%         N/A       100%        8


Dungeon Overview and Level Annotations

Branches:
Dungeon (2/15)

Altars:
Zin

Shops:
D:2 *(


Message History

The hobgoblin hits you.
Casting: Foxfire (safe; 6% risk of failure)
Confirm with . or Enter, or press ? or * to list all spells.
You conjure some foxfire!
The foxfire hits the quokka.
You kill the quokka!
The foxfire hits the hobgoblin.
The hobgoblin is heavily wounded.
The hobgoblin completely misses you.
Casting: Foxfire (safe; 6% risk of failure)
Confirm with . or Enter, or press ? or * to list all spells.
You conjure some foxfire!
The endoplasm freezes you.
You are frozen.
* * * LOW HITPOINT WARNING * * *
An orc comes into view. It is wielding a +0 dagger.
The hobgoblin closely misses you.
Casting: Foxfire (safe; 6% risk of failure)
Confirm with . or Enter, or press ? or * to list all spells.
There is not enough space to conjure foxfire!
Casting: Foxfire (safe; 6% risk of failure)
Confirm with . or Enter, or press ? or * to list all spells.
There is not enough space to conjure foxfire!
Your foxfire dissipates!
The foxfire hits the endoplasm.
The endoplasm is lightly wounded.
The foxfire hits the endoplasm.
The endoplasm is almost dead.
Casting: Foxfire (safe; 6% risk of failure)
Confirm with . or Enter, or press ? or * to list all spells.
You conjure some foxfire!
The endoplasm misses you. The hobgoblin hits you.
* * * LOW HITPOINT WARNING * * *
Casting: Foxfire (safe; 6% risk of failure)
Confirm with . or Enter, or press ? or * to list all spells.
You conjure some foxfire!
The foxfire hits the endoplasm.
You kill the endoplasm!
The foxfire hits the hobgoblin.
You kill the hobgoblin!
Your foxfire dissipates!
The orc attacks as you move away! The orc hits you with a +0 dagger.
You die...

#.##.'∩+..##.
#†#..#+#...#.
#.#......#...
#..........##
##.#####.####
#.## ##.# #.
#.# #.####
##...######.##
##.#...
.......@o†.#.##
##..#...
......§.†.....#
#.......
....######.####
#...#... ##.
#.).# ##..#...
#(.#..#
#<..#### #..#
#..# ##.## #..#
#..# #.# #..#
#..#..# #.#
#.####


You could see an orc.

Vanquished Creatures
  3 ball pythons (D:1)
  2 endoplasms
  3 giant cockroaches (D:1)
  5 goblins
  5 hobgoblins
  3 quokkas
  2 bats (D:1)
  4 frilled lizards (D:1)
  3 kobolds
30 creatures vanquished.

Vanquished Creatures (others)
  70 foxfires
70 creatures vanquished.

Grand Total: 100 creatures vanquished

Notes
Turn   | Place    | Note
-------+----------+-------------------------------------------
     0 | D:1      | Hubjo the Deep Elf Fire Elementalist began the quest for
                  | the Orb.
     0 | D:1      | Reached XP level 1. HP: 10/10 MP: 6/6
   342 | D:1      | Reached XP level 2. HP: 16/16 MP: 0/8
   475 | D:1      | Found a faded altar of an unknown god.
   479 | D:1      | Prayed at the altar of an unknown god.
   479 | D:1      | Became a worshipper of Zin the Law-Giver
   479 | D:1      | Reached * piety under Zin
  3067 | D:2      | Found Hugruesa's Weapon Boutique.
  3263 | D:2      | Found Hetuism's General Store.
  3278 | D:2      | Reached XP level 3. HP: 10/20 MP: 9/9
  3451 | D:2      | Reached skill level 1 in Fighting
  3464 | D:2      | Slain by an orc

Illustrated notes

Levels and vault maps discovered:
D:1:      dpeg_arrival_line_fractal, layout_loops_corners,
          hellmonk_ecumenical_altar_inner_sanctum, minmay_misc_feat_hallway
D:2:      minmay_diamond_boxcup, layout_loops_cross, serial_shops,
          nicolae_shop_advertising_works [nicolae_subvault_shop_adworks],
          nicolae_shop_behind_doors, nicolae_shop_behind_doors,
          nicolae_shop_bloodbath_and_beyond, grunt_decor_resistance,
          kennysheep_generic_room_8

Skill      XL: |  1  2  3 |
---------------+----------+-----
Stealth        | 3 |  3.3
Fighting       | 1 |  1.1
Dodging        | |  2.8
Spellcasting   | |  3.2
Conjurations   | |  1.1
Fire Magic     | |  3.4

Action                   || total
-------------------------++-------
Melee: Unarmed           ||   117
       Short sword       ||     8
Throw: Dart              ||     1
 Cast: Foxfire           ||    60
 Stab: Sleeping          ||     3
Armor: Robe              ||    42
Dodge: Dodged            ||   146

Table legend: (Time is in decaauts)
 A = Elapsed time spent in this place.
 B = Non-inter-level travel time spent in this place.
 C = Inter-level travel time spent in this place.
 D = Time resting spent in this place.
 E = Time spent auto-exploring this place.
 F = Levels seen in this place.
 G = Mean time per level.
                   A        B        C        D        E       F      G
               +--------+--------+--------+--------+--------+-----+--------+
         Total |   3464 |   3302 |    162 |    156 |   2742 |   2 | 1732.0 |
       Dungeon |   3464 |   3302 |    162 |    156 |   2742 |   2 | 1732.0 |
               +--------+--------+--------+--------+--------+-----+--------+

Top non-repeatable levels by time:
     D:1: 2813 daAuts
     D:2: 651 daAuts
